[ AOE2 MATCH · #505322874 ]
UnrankedShu vs Britons
Player's team · LOSS
Rival team · WIN
[ REPLAY ANALYSIS · EXTRACTED FROM THE RECORDED GAME ]
Feudal
11:26
Castle
24:13
Imperial
—
| APM avg | 53.8 |
| APM peak | 91 |
| eAPM avg | 23.1 |
| Villagers / military | 90 / 62 |
Focus
⚔️ 34.4% · 🌾 65.6%
Unknown (1944) ×70 · Scout Cavalry ×21 · Archer ×14 · Skirmisher ×11 · Cavalry Archer ×7 · Battering Ram ×6
Feudal
8:59
Castle
25:01
Imperial
—
| APM avg | 49.9 |
| APM peak | 88 |
| eAPM avg | 22.9 |
| Villagers / military | 120 / 191 |
Focus
⚔️ 48.0% · 🌾 52.0%
Archer ×83 · Spearman ×70 · Skirmisher ×29 · Militia ×5 · Monk ×4
Match map
Initial resources + every placement click. Lines = walls · curves = elevation contours. ◆ gold · ⬟ stone · ● berries · ✦ relic · ◌ wall gap
Your base· Open — 4t gap
Ing.Patrick QG's base· Open — unwalled flank
Smoothed initial terrain · ◌ = detected wall gap · hover for details
Inputs per minute
— fray - - Ing.Patrick QG
Build order — fray
First 150 of 370 actions detected
| 0:00 | Queue | Villager (Male) |
| 0:00 | Queue | Villager (Male) |
| 0:00 | Queue | Villager (Male) |
| 0:02 | Build | House |
| 0:03 | Build | House |
| 0:18 | Queue | Villager (Male) |
| 0:18 | Queue | Villager (Male) |
| 1:33 | Queue | Villager (Male) |
| 1:56 | Build | Lumber Camp |
| 2:07 | Queue | Villager (Male) |
| 2:25 | Queue | Villager (Male) |
| 2:25 | Queue | Villager (Male) |
| 2:54 | Queue | Villager (Male) |
| 3:38 | Queue | Villager (Male) |
| 3:56 | Queue | Villager (Male) |
| 4:03 | Queue | Villager (Male) |
| 4:06 | Build | House |
| 4:15 | Queue | Villager (Male) |
| 4:42 | Queue | Villager (Male) |
| 5:05 | Build | House |
| 5:07 | Queue | Villager (Male) |
| 5:34 | Build | Barracks |
| 5:53 | Queue | Villager (Male) |
| 6:37 | Queue | Militia |
| 6:38 | Queue | Militia |
| 6:38 | Queue | Militia |
| 6:42 | Build | Palisade Wall |
| 6:50 | Queue | Villager (Male) |
| 6:50 | Queue | Villager (Male) |
| 6:55 | Build | Mill |
| 7:47 | Queue | Villager (Male) |
| 7:50 | Build | House |
| 7:57 | Build | House |
| 7:59 | Research | Loom |
| 8:24 | Queue | Villager (Male) |
| 8:33 | Build | Palisade Wall |
| 8:35 | Build | Palisade Wall |
| 8:46 | Build | Farm |
| 8:52 | Build | Farm |
| 9:09 | Queue | Villager (Male) |
| 9:16 | Research | Feudal Age |
| 9:16 | Research | Feudal Age |
| 10:05 | Queue | Villager (Male) |
| 10:10 | Build | Farm |
| 10:12 | Build | House |
| 10:14 | Build | House |
| 10:15 | Build | Palisade Wall |
| 10:33 | Build | Mining Camp |
| 10:55 | Build | Palisade Wall |
| 10:59 | Build | Palisade Wall |
| 11:00 | Build | Palisade Wall |
| 11:03 | Build | Palisade Wall |
| 11:05 | Build | Palisade Wall |
| 11:06 | Build | Palisade Wall |
| 11:26 | Age | Feudal Age |
| 11:34 | Queue | Villager (Male) |
| 11:36 | Research | Man-at-Arms (upgrade) |
| 12:03 | Queue | Villager (Male) |
| 12:05 | Build | Archery Range |
| 12:06 | Build | Archery Range |
| 12:29 | Build | Blacksmith |
| 12:31 | Queue | Villager (Male) |
| 12:49 | Queue | Archer |
| 12:49 | Queue | Archer |
| 13:21 | Research | Fletching |
| 13:21 | Research | Fletching |
| 13:24 | Queue | Archer |
| 13:32 | Queue | Villager (Male) |
| 13:33 | Queue | Villager (Male) |
| 13:36 | Queue | Archer |
| 13:36 | Queue | Archer |
| 13:39 | Queue | Skirmisher |
| 13:54 | Build | Palisade Wall |
| 13:58 | Research | Padded Archer Armor |
| 14:03 | Queue | Villager (Male) |
| 14:09 | Build | Farm |
| 14:17 | Queue | Villager (Male) |
| 14:21 | Build | Farm |
| 14:41 | Queue | Villager (Male) |
| 14:54 | Build | House |
| 14:56 | Build | Palisade Wall |
| 15:01 | Queue | Villager (Male) |
| 15:04 | Build | Farm |
| 15:06 | Queue | Villager (Male) |
| 15:27 | Queue | Archer |
| 15:27 | Queue | Archer |
| 15:28 | Queue | Archer |
| 15:28 | Queue | Villager (Male) |
| 15:40 | Build | Farm |
| 15:56 | Build | Farm |
| 15:59 | Queue | Archer |
| 16:01 | Queue | Villager (Male) |
| 16:07 | Queue | Villager (Male) |
| 16:20 | Research | Double-Bit Axe |
| 16:33 | Queue | Skirmisher |
| 16:34 | Queue | Skirmisher |
| 16:52 | Queue | Villager (Male) |
| 16:56 | Build | Farm |
| 17:12 | Queue | Archer |
| 17:12 | Queue | Archer |
| 17:15 | Queue | Villager (Male) |
| 17:26 | Build | Lumber Camp |
| 17:41 | Queue | Skirmisher |
| 17:50 | Queue | Villager (Male) |
| 17:53 | Queue | Archer |
| 17:56 | Build | Farm |
| 18:09 | Queue | Skirmisher |
| 18:09 | Queue | Skirmisher |
| 18:25 | Queue | Skirmisher |
| 18:36 | Research | Wheelbarrow |
| 18:39 | Build | House |
| 19:00 | Queue | Villager (Male) |
| 19:05 | Queue | Skirmisher |
| 19:05 | Queue | Skirmisher |
| 19:13 | Build | Watch Tower |
| 19:16 | Queue | Villager (Male) |
| 19:28 | Queue | Villager (Male) |
| 19:42 | Queue | Villager (Male) |
| 19:51 | Queue | Villager (Male) |
| 19:56 | Build | Market |
| 20:08 | Build | Farm |
| 20:10 | Build | House |
| 20:25 | Build | Farm |
| 20:28 | Build | House |
| 20:30 | Build | House |
| 21:00 | Queue | Archer |
| 21:33 | Research | Castle Age |
| 21:33 | Research | Castle Age |
| 21:35 | Queue | Archer |
| 21:50 | Build | Farm |
| 22:03 | Queue | Villager (Male) |
| 22:40 | Queue | Skirmisher |
| 22:41 | Queue | Skirmisher |
| 22:59 | Research | Gold Mining |
| 23:04 | Research | Horse Collar |
| 23:53 | Build | Stable |
| 23:55 | Build | Stable |
| 24:13 | Age | Castle Age |
| 24:14 | Build | Town Center |
| 24:19 | Research | Scale Barding Armor |
| 24:19 | Research | Forging |
| 24:22 | Research | Bow Saw |
| 24:22 | Research | Bow Saw |
| 24:23 | Queue | Villager (Male) |
| 25:01 | Queue | Unit 1944 |
| 25:01 | Queue | Unit 1944 |
| 25:07 | Queue | Villager (Male) |
| 25:13 | Build | Farm |
| 25:15 | Build | Farm |
| 25:19 | Build | Farm |
Build order — Ing.Patrick QG
First 150 of 455 actions detected
| 0:01 | Queue | Villager (Male) |
| 0:02 | Build | House |
| 0:03 | Build | House |
| 0:06 | Queue | Villager (Male) |
| 0:11 | Queue | Villager (Male) |
| 0:15 | Queue | Villager (Male) |
| 1:21 | Queue | Villager (Male) |
| 1:50 | Queue | Villager (Male) |
| 1:58 | Queue | Villager (Male) |
| 2:23 | Queue | Villager (Male) |
| 2:37 | Queue | Villager (Male) |
| 3:02 | Queue | Villager (Male) |
| 3:17 | Build | Lumber Camp |
| 3:22 | Queue | Villager (Male) |
| 3:35 | Build | House |
| 4:15 | Queue | Villager (Male) |
| 4:37 | Queue | Villager (Male) |
| 5:02 | Queue | Villager (Male) |
| 5:09 | Queue | Villager (Male) |
| 5:18 | Queue | Villager (Male) |
| 5:42 | Build | Barracks |
| 6:02 | Build | House |
| 6:10 | Research | Loom |
| 6:49 | Research | Feudal Age |
| 6:52 | Queue | Militia |
| 6:58 | Build | House |
| 7:28 | Queue | Militia |
| 7:45 | Queue | Militia |
| 7:54 | Build | Mining Camp |
| 8:49 | Queue | Villager (Male) |
| 8:59 | Age | Feudal Age |
| 9:05 | Research | Man-at-Arms (upgrade) |
| 9:07 | Queue | Villager (Male) |
| 9:10 | Build | Archery Range |
| 9:21 | Queue | Villager (Male) |
| 9:42 | Queue | Villager (Male) |
| 10:07 | Queue | Skirmisher |
| 10:09 | Queue | Villager (Male) |
| 10:12 | Build | House |
| 10:16 | Queue | Archer |
| 10:22 | Build | Palisade Gate |
| 10:27 | Queue | Villager (Male) |
| 10:31 | Build | House |
| 10:37 | Queue | Archer |
| 10:40 | Queue | Villager (Male) |
| 11:01 | Queue | Archer |
| 11:05 | Build | Mill |
| 11:07 | Queue | Villager (Male) |
| 11:21 | Queue | Villager (Male) |
| 11:52 | Queue | Archer |
| 12:03 | Queue | Villager (Male) |
| 12:35 | Queue | Villager (Male) |
| 12:51 | Build | Blacksmith |
| 12:59 | Queue | Militia |
| 13:02 | Queue | Militia |
| 13:21 | Build | Farm |
| 13:21 | Build | Farm |
| 13:22 | Build | Farm |
| 13:22 | Build | Farm |
| 13:22 | Build | Farm |
| 13:35 | Queue | Villager (Male) |
| 13:41 | Build | House |
| 14:11 | Queue | Villager (Male) |
| 14:19 | Queue | Skirmisher |
| 14:38 | Research | Fletching |
| 14:43 | Build | Farm |
| 14:44 | Queue | Villager (Male) |
| 14:46 | Build | Farm |
| 14:59 | Queue | Skirmisher |
| 15:05 | Queue | Villager (Male) |
| 15:06 | Queue | Skirmisher |
| 15:28 | Build | Farm |
| 15:37 | Queue | Skirmisher |
| 15:39 | Queue | Villager (Male) |
| 15:43 | Build | Farm |
| 15:51 | Queue | Skirmisher |
| 15:59 | Queue | Villager (Male) |
| 16:01 | Build | House |
| 16:11 | Queue | Skirmisher |
| 16:34 | Queue | Villager (Male) |
| 16:38 | Build | House |
| 16:39 | Build | House |
| 16:39 | Build | House |
| 16:39 | Build | House |
| 16:51 | Research | Padded Archer Armor |
| 16:52 | Queue | Villager (Male) |
| 16:53 | Queue | Skirmisher |
| 16:56 | Queue | Skirmisher |
| 17:11 | Queue | Villager (Male) |
| 17:21 | Build | Farm |
| 17:23 | Build | Farm |
| 17:31 | Research | Double-Bit Axe |
| 17:43 | Queue | Skirmisher |
| 17:49 | Queue | Villager (Male) |
| 18:07 | Queue | Skirmisher |
| 18:08 | Queue | Villager (Male) |
| 18:12 | Build | Farm |
| 18:16 | Build | Farm |
| 18:20 | Queue | Skirmisher |
| 18:32 | Queue | Villager (Male) |
| 18:43 | Queue | Skirmisher |
| 18:49 | Queue | Skirmisher |
| 18:52 | Queue | Villager (Male) |
| 19:02 | Queue | Villager (Male) |
| 19:05 | Build | Farm |
| 19:11 | Build | House |
| 19:14 | Queue | Skirmisher |
| 19:17 | Research | Wheelbarrow |
| 19:18 | Research | Wheelbarrow |
| 19:55 | Queue | Villager (Male) |
| 20:09 | Build | Mill |
| 20:10 | Build | Farm |
| 20:11 | Build | Farm |
| 20:11 | Build | Farm |
| 20:11 | Build | Farm |
| 20:12 | Build | Farm |
| 20:12 | Build | Farm |
| 20:18 | Queue | Skirmisher |
| 20:33 | Build | House |
| 20:34 | Build | Palisade Wall |
| 21:06 | Queue | Villager (Male) |
| 21:45 | Queue | Villager (Male) |
| 21:48 | Build | Market |
| 22:21 | Research | Castle Age |
| 22:29 | Build | Archery Range |
| 22:31 | Queue | Skirmisher |
| 22:42 | Build | Archery Range |
| 22:58 | Queue | Skirmisher |
| 23:17 | Queue | Skirmisher |
| 23:25 | Build | Archery Range |
| 23:30 | Queue | Skirmisher |
| 23:41 | Queue | Archer |
| 23:57 | Queue | Skirmisher |
| 24:14 | Build | Lumber Camp |
| 24:26 | Queue | Archer |
| 24:26 | Queue | Archer |
| 24:27 | Queue | Skirmisher |
| 24:43 | Research | Horse Collar |
| 25:01 | Age | Castle Age |
| 25:05 | Research | Bodkin Arrow |
| 25:08 | Research | Elite Skirmisher (upgrade) |
| 25:09 | Research | Crossbowman (upgrade) |
| 25:11 | Queue | Villager (Male) |
| 25:15 | Build | University |
| 25:39 | Queue | Villager (Male) |
| 25:44 | Queue | Skirmisher |
| 25:44 | Queue | Skirmisher |
| 25:46 | Queue | Skirmisher |
| 25:50 | Queue | Skirmisher |
| 26:09 | Queue | Villager (Male) |
Match timeline
| 5:34 | fray · first_building Barracks |
| 5:42 | Ing.Patrick QG · first_building Barracks |
| 6:42 | fray · wall_segment Palisade Wall x9 |
| 8:33 | fray · wall_segment Palisade Wall x4 |
| 8:35 | fray · wall_segment Palisade Wall x3 |
| 8:59 | Ing.Patrick QG · age_up feudal |
| 9:10 | Ing.Patrick QG · first_building Archery Range |
| 10:15 | fray · wall_segment Palisade Wall x1 |
| 10:55 | fray · wall_segment Palisade Wall x1 |
| 10:59 | fray · wall_segment Palisade Wall x1 |
| 11:00 | fray · wall_segment Palisade Wall x1 |
| 11:03 | fray · wall_segment Palisade Wall x1 |
| 11:05 | fray · wall_segment Palisade Wall x1 |
| 11:06 | fray · wall_segment Palisade Wall x1 |
| 11:26 | fray · age_up feudal |
| 12:05 | fray · first_building Archery Range |
| 13:54 | fray · wall_segment Palisade Wall x4 |
| 14:56 | fray · wall_segment Palisade Wall x13 |
| 20:34 | Ing.Patrick QG · wall_segment Palisade Wall x1 |
| 20:44 | fray · first_market_buy 100 food |
| 20:53 | fray · first_market_sell 100 wood |
| 23:53 | fray · first_building Stable |
| 24:13 | fray · age_up castle |
| 25:01 | Ing.Patrick QG · age_up castle |
| 28:18 | Ing.Patrick QG · first_market_sell 100 food |
| 28:19 | Ing.Patrick QG · first_market_buy 100 wood |
| 28:46 | Ing.Patrick QG · first_building Siege Workshop |
| 29:34 | Ing.Patrick QG · first_building Monastery |
| 36:11 | fray · first_building Siege Workshop |
| 40:55 | fray · first_building Monastery |
| 43:07 | fray · resign |
[ AI ANALYSIS · 1 CREDIT ]
What really happened in this match?
Wolo.gg analyzes every decision: build order, eco, micro, common mistakes by bracket. Personalized analysis on WhatsApp or Discord in 30 seconds.
Civ guide
Shu
Perfil
Jugador #1041998